 Dungeon Crawl Stone Soup version 0.30-a0-118-ga018f8e90f (webtiles) character file.

Game seed: 7357318698741203379

69 Newt the Trooper (level 4, -7/40 HPs)
             Began as a Demonspawn Gladiator on Sept 13, 2022.
             Killed by divine providence
             ... invoked by an orc priest
              (12 damage)
             ... on level 3 of the Dungeon.
             The game lasted 00:02:06 (2921 turns).

Newt the Trooper (Demonspawn Gladiator)             Turns: 2921, Time: 00:02:07

Health: -7/40      AC:  3    Str: 16    XL:     4   Next: 2%
Magic:  4/4        EV: 12    Int: 10    God:
Gold:   102        SH:  0    Dex: 14    Spells: 3/3 levels left

rFire   . . .      SeeInvis .    a - +0 rapier
rCold   . . .      Faith    .    (no shield)
rNeg    . . .      Spirit   .    b - +0 leather armour
rPois   .          Reflect  .    (helmet restricted)
rElec   .          Harm     .    (no cloak)
rCorr   .          Rampage  .    (no gloves)
Will    .....                    (no boots)
Stlth   ++........               (no amulet)
HPRegen 0.13/turn                (no ring)
MPRegen 0.09/turn                (no ring)

@: unable to drink
A: claws 2, antennae 1, robust 1, inability to drink after injury 1
a: no special abilities


You were on level 3 of the Dungeon.
You visited 1 branch of the dungeon, and saw 3 of its levels.

You collected 102 gold pieces.

Inventory:

Hand Weapons
 a - a +0 rapier (weapon)
Missiles
 d - 2 throwing nets (quivered)
 q - 3 poisoned darts
Armour
 b - a +0 leather armour (worn)
 c - a +0 helmet
Scrolls
 e - a scroll of poison
 h - a scroll of enchant weapon
 i - a scroll of blinking {unknown}
 l - a scroll of fear {unknown}
 m - a scroll of summoning {unknown}
 n - a scroll of teleportation {unknown}
 o - 3 scrolls of noise {unknown}
 p - a scroll of vulnerability {unknown}
 s - a scroll of identify
Potions
 g - a potion of might
 j - 2 potions of attraction
 k - a potion of cancellation
 r - a potion of curing {unknown}


   Skills:
 + Level 3.7 Fighting
 - Level 2.6 Short Blades
 - Level 1.7 Throwing
 - Level 2.6 Dodging
 - Level 2.0 Stealth


You had 3 spell levels left.
You didn't know any spells.
Your spell library contained the following spells:

 Spells                   Type           Power      Damage    Failure   Level
 Static Discharge         Conj/Air       0%         3-3/arc   56%         2
 Gell's Gravitas          Tloc           0%         N/A       80%         3
 Lesser Beckoning         Tloc           0%         N/A       80%         3
 Teleport Other           Tloc           0%         N/A       80%         3
 Arcjolt                  Conj/Air       0%         1d10      100%        5
 Lightning Bolt           Conj/Air       0%         1d11      100%        5
 Maxwell's Capacitive Co  Air            0%         ∞         100%        8


Dungeon Overview and Level Annotations

Branches:
Dungeon (3/15)

Altars:

Shops:
D:3 :


Innate Abilities, Weirdness & Mutations

You have very sharp fingernails.
You have a pair of small antennae on your head.
You are robust. (+10% HP)
You occasionally lose the ability to drink potions when taking damage.


Message History

You closely miss the orc priest. The orc priest misses you.
Really read the scroll of poison? [Y]es or [N]o only, please.
Really read the scroll of poison? [Y]es or [N]o only, please.
Really read the scroll of poison?
Okay, then.
Throw: javelin
Press: ? - help, Shift-Dir - straight line, f - orc
Aim: an orc, wielding a +0 club and wearing a +0 leather armour (59% to hit)
You throw a javelin.
The javelin closely misses the orc priest.
The javelin pierces through the orc.
The orc is lightly wounded.
The javelin pierces through the orc priest but does no damage.
The javelin completely misses the orc.
The orc priest hits you with a +0 club.
Unknown command.
Unknown command.
Unknown command.
Unknown command.
You barely miss the orc priest.
Unknown command.
You closely miss the orc.
The orc is lightly wounded.
The orc priest mumbles some strange prayers to Beogh against you.
Beogh smites you!
Unknown command.
Unknown command.
The orc priest mumbles some strange prayers to Beogh against you.
Beogh smites you!
You feel threatened and lose the ability to drink potions!
* * * LOW HITPOINT WARNING * * *
You can drink potions again.
The orc attacks as you move away! The orc hits you with a +0 morningstar.
* * * LOW HITPOINT WARNING * * *
The orc priest invokes the aid of Beogh against you.
Beogh smites you!
You feel threatened and lose the ability to drink potions!
You die...

......................
......(.....##.#######
#####..###.#.##.#
#.#...##.##.#
#.#####...#.#######
######.......#..........
...........#...#.######.
#...........## #.
##@####......# #. #o#
#.^..#.# #. #.# #...<..#
## #######.#######..##
........o..# #..#######
###.######o# #......#..
####.#####.###<#.#
#....o..##.# #...#
#.#####o##.# #####


You could see an orc priest and an orc.

Vanquished Creatures
  4 adders
  A worm (D:3)
  3 endoplasms (D:2)
  3 goblins
  A hobgoblin (D:1)
  6 jackals
  2 kobolds
  2 quokkas
  3 bats
  A frilled lizard (D:1)
  3 rats
29 creatures vanquished.

Notes
Turn   | Place    | Note
-------+----------+-------------------------------------------
     0 | D:1      | Newt the Demonspawn Gladiator began the quest for the Orb.
     0 | D:1      | Reached XP level 1. HP: 16/16 MP: 1/1
   381 | D:1      | Reached skill level 1 in Stealth
   437 | D:1      | Gained mutation: You have sharp fingernails. [demonic
                  | ancestry]
   437 | D:1      | Reached XP level 2. HP: 19/22 MP: 2/2
   884 | D:2      | Gained mutation: You have a pair of small antennae on your
                  | head. [potion of mutation]
   884 | D:2      | Gained mutation: You occasionally lose the ability to drink
                  | potions when taking damage. [potion of mutation]
   884 | D:2      | Gained mutation: You are robust. (+10% HP) [potion of
                  | mutation]
   884 | D:2      | HP: 1/24 [poisoned by an adder]
   893 | D:2      | HP: 1/25 [poisoned by an adder]
  1540 | D:2      | Gained mutation: You have very sharp fingernails. [demonic
                  | ancestry]
  1540 | D:2      | Reached XP level 3. HP: 29/30 MP: 3/3
  1635 | D:2      | Reached skill level 3 in Fighting
  2481 | D:3      | Reached XP level 4. HP: 10/40 MP: 4/4
  2832 | D:3      | Found Roebay's Book Emporium.
  2921 | D:3      | Killed from afar by an orc priest

Illustrated notes

Levels and vault maps discovered:
D:1:      evilmike_arrival_fibonacci_small, layout_rooms
D:2:      layout_rooms, wad_floor_pattern_untrapped
D:3:      layout_loops_ring, serial_shops, nicolae_square_shop

Skill      XL: |  1  2  3 |
---------------+----------+-----
Stealth        | 1 2 |  2.0
Fighting       | 3 |  3.7
Short Blades   | |  2.6
Throwing       | |  1.7
Dodging        | |  2.6

Action                   |  1- 3 |  4- 6 || total
-------------------------+-------+-------++-------
Melee: Rapier            |   122 |     8 ||   130
       Punch             |     1 |       ||     1
Throw: Throwing net      |     2 |       ||     2
       Javelin           |     1 |     1 ||     2
  Use: Potion            |     3 |       ||     3
       Scroll            |     4 |       ||     4
 Stab: Sleeping          |     2 |       ||     2
Armor: Leather armour    |    43 |     1 ||    44
Dodge: Dodged            |   104 |     7 ||   111

Table legend: (Time is in decaauts)
 A = Elapsed time spent in this place.
 B = Non-inter-level travel time spent in this place.
 C = Inter-level travel time spent in this place.
 D = Time resting spent in this place.
 E = Time spent auto-exploring this place.
 F = Levels seen in this place.
 G = Mean time per level.
                   A        B        C        D        E       F      G
               +--------+--------+--------+--------+--------+-----+--------+
         Total |   2930 |   2892 |     38 |   1561 |   1032 |   3 |  976.7 |
       Dungeon |   2930 |   2892 |     38 |   1561 |   1032 |   3 |  976.7 |
               +--------+--------+--------+--------+--------+-----+--------+

Top non-repeatable levels by time:
     D:2: 1686 daAuts
     D:1: 741 daAuts
     D:3: 502 daAuts
